Map: Вечная империя РВ

Players

Dolmatt

  • Race: Terran Terran
  • League: Diamond
  • Spawn Location: 1:00

Calculated - Winner!

  • Race: Zerg Zerg
  • League: Diamond
  • Spawn Location: 7:00

VOD

Have the link to the VOD?

Description

Time

  • Played on: April 10, 2020, 8:34 p.m.
  • Length: 3:42
Show
View Real Time Build Order
Export as new Build Order

Dolmatt Terran 

Build Orders: 2 Factory 

Get SALT Encoding   

  12  0:08  Supply Depot  
  12  0:14  SCV  
  13  0:31  Barracks  
  13  0:33  SCV  
  14  0:41  Refinery  
  14  0:45  SCV  
  15  0:56  Supply Depot  
  15  0:57  SCV  
  16  1:10  SCV  
  17  1:16  Refinery  
  17  1:20  Marine  
  17  1:22  SCV  
  19  1:34  SCV  
  20  1:42  Factory  
  20  1:43  Marine  
  21  1:50  SCV  
  22  1:59  Bunker  
  21  2:09  Marine  
  22  2:18  Orbital Command  
  22  2:26  Widow Mine, Marine  
  25  2:38  Factory  
  25  2:53  Widow Mine  
Show
View Real Time Build Order
Export as new Build Order

Calculated Zerg - Winner!

Build Orders: 1 Base Baneling Bust, Pool Only 

Get SALT Encoding   

  12  0:18  Spawning Pool  
  12  0:19  Extractor  
  10  0:24  Drone  
  11  0:29  Drone  
  12  0:40  Overlord  
  12  1:04  Zergling x4  
  12  1:05  Zergling x2  
  15  1:16  Zergling x2  
  16  1:22  Metabolic Boost  
  16  1:26  Zergling x2  
  17  1:37  Zergling x2  
  18  1:43  Baneling Nest  
  17  1:48  Zergling x2  
  18  1:58  Zergling x2  
  18  2:10  Zergling x2  
  19  2:20  Zergling x2  
  20  2:32  Overlord  
  20  2:37  Baneling x6  
  20  2:42  Zergling x2  
  18  3:02  Zergling x2  
  18  3:09  Zergling x2  
  18  3:14  Zergling x2  
Tags
 
Add a new tag
Caveats
  • Supply blocks, unpowered buildings, or Contaminate may cause inaccurate times.
  • Supply counts are checked every 10 seconds.